 Dungeon Crawl Stone Soup version 0.21-a0-110-g8e1637b (webtiles) character file.

300314 Kurtz the Unseen (level 21, -2/160 HPs)
             Began as an Octopode Abyssal Knight on July 11, 2017.
             Was the Champion of Lugonu.
             Killed from afar by a necromancer (20 damage)
             ... with a bolt of cold
             ... on level 2 of the Vaults.
             The game lasted 02:39:35 (55525 turns).

Kurtz the Unseen (Octopode Abyssal Knight)         Turns: 55525, Time: 02:39:38

Health: -2/160     AC:  2    Str: 34    XL:     21   Next: 1%
Magic:  36/40      EV: 27    Int: 11    God:    Lugonu [******]
Gold:   844        SH: 19    Dex: 17    Spells: 11/40 levels left

rFire    + + .     SeeInvis +   p - +5 trident (freeze)
rCold    + . .     Gourm    .   Z - +4 shield of Josae {rElec rF+ Dex+4 Slay+2}
rNeg     + . .     Faith    .   i - +2 hat {SInv}
rPois    +         Spirit   .   g - amulet of rage
rElec    +         Reflect  .   c - +5 ring of evasion
rCorr    .         Harm     .   F - ring of Neunwik {+Fly rF+ MR+ Str+5 Dex-4}
MR       +++++                  Q - ring of poison resistance
Stlth    +++++++++.             H - ring of the Invisible Hand {rElec MR+ MP+9 Dex+2}
HPRegen  0.76/turn              l - ring of Geablaf {+Blink MR++ AC-3 Str+8 Int-5} (curse)
MPRegen  0.27/turn              A - ring of protection from cold
                                M - ring of Ethics {Str+3 Stlth+}
                                w - ring of positive energy

@: berserk cooldown, slowed, very slow
A: almost no armour, stealthy swim, amphibious, 8 rings, constrict 8, yellow
scales 1, camouflage 1, agile 1, low mp 1, sense surroundings 1, regeneration 1,
robust 1, gelatinous body 1
}: 2/15 runes: decaying, serpentine
a: Depart the Abyss, Bend Space, Banish, Corrupt, Enter the Abyss, Brand Weapon
With Distortion, Renounce Religion, Evoke Blink, Evoke Berserk Rage, Evoke
Flight


You were on level 2 of the Vaults.
You worshipped Lugonu.
Lugonu was exalted by your worship.
You were near starving.

You visited 10 branches of the dungeon, and saw 40 of its levels.
You visited the Abyss 1 time.
You visited 1 bazaar.
You also visited: Labyrinth.

You collected 3112 gold pieces.
You spent 2268 gold pieces at shops.

Inventory:

Hand Weapons
 k - the +8 halberd of the Aged Dances {chop, rPois}
   (You found it in a labyrinth)

   It inflicts extra damage upon your enemies.
   It protects you from poison.
 p - a +5 trident of freezing (weapon)
 r - a +0 blowgun
Missiles
 a - a throwing net
 J - 3 javelins (quivered)
 K - 14 curare-tipped needles
 R - 5 exploding tomahawks
Armour
 i - a +2 hat of see invisible (worn)
 Z - the +4 shield of Josae (worn) {rElec rF+ Dex+4 Slay+2}
   (You found it on level 14 of the Dungeon)

   It affects your dexterity (+4).
   It affects your accuracy and damage with ranged weapons and melee attacks
   (+2).
   It protects you from fire.
   It insulates you from electricity.
Jewellery
 c - a +5 ring of evasion (left tentacle)
 g - an amulet of rage (around mantle)
 l - the cursed ring of Geablaf (on tentacle) {+Blink MR++ AC-3 Str+8 Int-5}
   (You bought it in a shop on level 2 of the Orcish Mines)

   [ring of protection]

   It affects your AC (-3).
   It affects your strength (+8).
   It affects your intelligence (-5).
   It affects your resistance to hostile enchantments.
   It lets you blink.
   It has a curse placed upon it.
 w - a ring of positive energy (on tentacle)
 A - a ring of protection from cold (on tentacle)
 F - the ring of Neunwik (right tentacle) {+Fly rF+ MR+ Str+5 Dex-4}
   (You found it on level 5 of the Dungeon)

   [ring of protection from fire]

   It affects your strength (+5).
   It affects your dexterity (-4).
   It protects you from fire.
   It affects your resistance to hostile enchantments.
   It lets you fly.
 H - the ring of the Invisible Hand (on tentacle) {rElec MR+ MP+9 Dex+2}
   (You bought it in a shop in a bazaar)

   [ring of dexterity]

   It affects your dexterity (+2).
   It insulates you from electricity.
   It affects your resistance to hostile enchantments.
   It affects your magic capacity (+9).
 M - the ring of Ethics (on tentacle) {Str+3 Stlth+}
   (You found it on level 4 of the Lair of Beasts)

   [ring of strength]

   It affects your strength (+3).
   It makes you more stealthy.
 Q - a ring of poison resistance (on tentacle)
 V - an uncursed ring of fire
Wands
 s - a wand of acid (2/15)
 y - a wand of flame (30/48)
 L - a wand of digging (10/24)
 N - a wand of lightning (3/15)
 S - a wand of iceblast (6/15)
 U - a wand of digging (10/24)
Scrolls
 d - 8 scrolls of recharging
 f - 4 scrolls of magic mapping
 j - 5 scrolls of blinking
 m - 19 scrolls of teleportation
 o - 11 scrolls of remove curse
 x - 2 scrolls of fear
 B - 4 scrolls of enchant weapon
 C - 14 scrolls of fog
 X - 4 scrolls of identify
Potions
 e - a potion of berserk rage
 h - 10 potions of curing
 q - 4 potions of haste
 v - 5 potions of agility
 z - 9 potions of flight
 E - a potion of resistance
 I - 9 potions of might
 T - 5 potions of heal wounds
 Y - 2 potions of cancellation
Books
 W - a book of Unlife

   Spells                             Type                      Level
   a - Recall                         Summoning/Translocation      3
   b - Animate Dead                   Necromancy                   4
   c - Control Undead                 Necromancy                   4
   d - Cigotuvi's Embrace             Necromancy                   5
   e - Death Channel                  Necromancy                   6
   f - Simulacrum                     Ice/Necromancy               6
Miscellaneous
 n - a lightning rod (4/4)
 t - a box of beasts
 D - 2 phantom mirrors
Comestibles
 b - 16 bread rations
 u - 8 meat rations
 G - 12 chunks of flesh
 O - a fruit
 P - 9 royal jellies


   Skills:
 * Level 13.5 Fighting
 - Level 16.8 Polearms
 * Level 12.4 Dodging
 + Level 17.7 Stealth
 * Level 13.0 Shields
 * Level 10.2 Spellcasting
 * Level 7.7 Hexes
 * Level 8.0 Necromancy
 * Level 14.2 Invocations
 + Level 9.3 Evocations


You had 11 spell levels left.
You knew the following spells:

 Your Spells              Type           Power        Failure   Level  Hunger
a - Confusing Touch       Hex            ###...       1%          1    None
b - Confuse               Hex            ###.....     1%          3    ##.....
c - Metabolic Englaciati  Hex/Ice        ##........   65%         5    #####..
e - Tukima's Dance        Hex            ###.....     1%          3    ##.....
f - Slow                  Hex            ###.....     1%          2    None
g - Regeneration          Chrm/Necr      ##........   10%         3    ##.....
h - Vampiric Draining     Necr           ###.......   1%          3    ##.....
i - Silence               Hex/Air        ##........   65%         5    #####..
j - Control Undead        Necr           ###.......   6%          4    ####...


Dungeon Overview and Level Annotations

Branches:
Dungeon (15/15)            Temple (0/1) D:6            Lair (6/6) D:9
  Swamp (4/4) Lair:3        Snake (4/4) Lair:3        Slime (3/5) Lair:6
    Orc (2/2) D:12            Elf (1/3) Orc:2        Vaults (3/5) D:14
 Depths (1/5) D:15           Hell (1/1)
  Crypt: Vaults:2-3     Dis: Hell:1         Geh: Hell:1         Coc: Hell:1
    Tar: Hell:1

Altars:
Ashenzari
Cheibriados
Elyvilon
Gozag
Makhleb
Okawaru
Uskayaw
Xom
Zin
The Shining One
Beogh
Jiyva

Shops:
D:8 %   D:14 [   Orc:2 *([=!   Vaults:1 (

Portals:
Hell: Depths:1
Abyss: Depths:1

Annotations:
Swamp:4 1 exclusion
Slime:2 exclusion: downstairs
Hell Geryon
Abyss:1 Snorg


Innate Abilities, Weirdness & Mutations

You cannot wear most types of armour.
You are very stealthy in the water. (Stealth+)
You are amphibious.
You can wear up to eight rings at the same time.
You can use your tentacles to constrict eight enemies at once.
Your skin changes colour to match your surroundings (Stealth+).
Your rubbery body absorbs attacks. (AC +1, EV +1)
You are partially covered in yellow scales. (AC +2)
You are agile. (Dex +2)
Your magical capacity is low. (-10% MP)
You passively map a small area around you.
Your natural rate of healing is unusually fast.
You are robust. (+10% HP)


Message History

You block the necromancer's attack.
There is a stone staircase leading up here.
You block the necromancer's attack. The frost giant skeleton hits you!
* * * LOW HITPOINT WARNING * * *
The frost giant skeleton hits you!!
* * * LOW HITPOINT WARNING * * *
The necromancer completely misses you.
Some of the chunks of flesh in your inventory have rotted away.
You climb upwards.
There is a stone staircase leading down, spattered with blood here.
You feel much better. The necromancer completely misses you.
Press: ? - help, Shift-Dir - straight line, f - necromancer
Aim: a necromancer, wielding a dagger and wearing a robe (slightly transparent, chance to defeat MR: 62%)
The necromancer resists with significant effort.
You are near starving!
The necromancer hits you with a dagger.
* * * LOW HITPOINT WARNING * * *
The necromancer points at you and mumbles some strange words.
The bolt of cold hits you! You resist.
You die...

..######################.........
..# #......... ..# #......... ..#
#...###### ..# ##########
#...###### ..#
#........######...##)))) ..#
#.#.#........##...##.... ..#
######[p.#...##...##.... ..#
#.....@[....##...##.... ..#
#...##..######...##(((( ..#
#............#...###### ..#
#####........'...###### ..#
##########......... .(#
#.........
..######################.........
).(..............................
............................(....


You could see a necromancer (invisible).

Vanquished Creatures
  A lich (Depths:1)
  Asterion (Snake:4)
  2 acid blobs
  A quicksilver dragon (shapeshifter) (Vaults:1)
  A sphinx (Vaults:1)
  Gastronok (Lair:3)
  7 thorn hunters
  8 nagarajas
  An azure jelly (Lair:6)
  A fire giant (Depths:1)
  6 vault wardens
  An orc warlord (Orc:1)
  A deep elf elementalist (Elf:1)
  4 ironheart preservers
  2 very ugly things (Depths:1)
  An entropy weaver (Vaults:1)
  A stone giant (Vaults:2)
  Nessos (D:12)
  A minotaur (Lab)
  3 great orbs of eyes
  A vault guard (Vaults:1)
  Fannar (D:12)
  2 ice dragons
  6 ogre magi
  19 hydras
  Erolcha (D:11)
  A rakshasa (Vaults:3)
  23 naga warriors
  A catoblepas (D:14)
  5 centaur warriors
  6 alligators
  A merfolk avatar (Lair:6)
  3 ghost crabs
  17 two-headed ogres
  A death knight (D:12)
  14 anacondas
  7 death yaks
  A deep troll earth mage (Vaults:1)
  2 deep troll shamans
  4 orc high priests
  11 naga sharpshooters
  11 shock serpents
  2 deep elf knights
  Nergalle (D:10)
  A skeletal warrior (D:14)
  3 sea snakes
  An iron troll (D:14)
  8 salamander mystics
  2 spriggan druids
  A shambling mangrove (Swamp:1)
  3 glowing orange brains
  2 flayed ghosts (Vaults:1)
  A wizard (D:9)
  5 naga ritualists
  3 unseen horrors
  5 deep trolls
  2 harpies (Lair:6)
  5 lindwurms
  12 swamp dragons
  2 deep elf archers
  10 orc knights
  7 ironbrand convokers
  A necromancer (Vaults:1)
  17 mana vipers
  A wolf spider zombie (D:13)
  A harpy (shapeshifter) (Elf:1)
  4 orc sorcerers
  An orb spider (shapeshifter) (D:13)
  14 ugly things
  2 wolf spiders (Vaults:1)
  2 oklob plants (Lair:1)
  8 deep elf magi
  3 human zombies (Vaults:1)
  3 cyclopes
  8 salamanders
  A salamander (shapeshifter) (D:15)
  43 black mambas
  7 vault sentinels
  11 guardian serpents
  2 black mambas (shapeshifter) (Depths:1)
  36 naga magi
  Maurice (D:8)
  A human skeleton (Vaults:1)
  14 elephants
  3 centaur zombies
  3 torpor snails
  A gargoyle (D:15)
  23 spiny frogs
  A rime drake (Lair:6)
  17 yaktaurs
  3 freezing wraiths
  13 komodo dragons
  A meliai (shapeshifter) (Vaults:1)
  4 trolls
  A jumping spider (shapeshifter) (D:14)
  A tyrant leech (shapeshifter) (Vaults:1)
  A wind drake (Lair:6)
  A troll (shapeshifter) (D:15)
  11 polar bears
  6 tyrant leeches
  Prince Ribbit (D:8)
  7 hornets
  41 slime creatures
  12 hippogriffs
  A meliai zombie (D:14)
  11 bog bodies
  A blink frog (shapeshifter) (D:14)
  23 blink frogs
  7 dream sheep
  3 spriggans
  Sigmund (D:2)
  2 redbacks (Vaults:1)
  3 shadows
  77 yaks
  2 wraiths
  An air elemental (Elf:1)
  A redback (shapeshifter) (D:14)
  4 wyverns
  2 dancing weapons
  3 fire elementals
  7 basilisks
  4 hungry ghosts
  A human (shapeshifter) (D:15)
  Menkaure (D:4)
  19 vampire mosquitoes
  55 nagas
  7 wargs
  13 swamp worms
  3 insubstantial wisps (Swamp:4)
  Edmund (D:4)
  2 soldier ants
  An acid dragon (D:11)
  16 water moccasins
  6 porcupines
  3 sky beasts
  39 orc warriors
  15 swamp drakes
  3 ice beasts
  2 black bears
  4 phantoms
  6 boggarts
  A necrophage (D:11)
  6 wolves (Lair:3)
  4 eyes of draining
  24 ogres
  A tengu (shapeshifter) (D:15)
  18 crocodiles
  18 centaurs
  3 big kobolds
  13 bullfrogs
  A wyvern zombie (D:14)
  2 scorpions
  A human simulacrum (Vaults:2)
  6 killer bees (D:9)
  A troll skeleton (Lab)
  8 wights
  4 electric eels
  2 spriggan skeletons (Lab)
  A lava snake (Lair:6)
  4 crimson imps
  The ghost of Ponkle the Conjurer, a weakling DECj (D:3)
  A quasit (D:14)
  4 centaur skeletons
  11 jellies
  Crazy Yiuf (D:2)
  11 orc priests
  4 hounds
  2 bullfrog skeletons
  A gnoll shaman (D:7)
  22 orc wizards
  Jessica (D:2)
  11 worker ants
  Natasha (thrice) (D:4)
  5 iguanas
  An ogre skeleton (Lab)
  A hound zombie (D:8)
  2 hound skeletons
  10 adders
  6 gnolls
  7 shadow imps
  12 white imps (Lair:1)
  2 oozes (Lair:6)
  An adder skeleton (D:5)
  4 worms
  5 dart slugs
  5 leopard geckos
  82 orcs
  3 ball pythons
  7 giant cockroaches
  9 goblins
  7 hobgoblins
  17 jackals
  9 quokkas
  11 bats
  6 frilled lizards
  17 kobolds
  2 quokka skeletons (D:4)
  22 rats
  A briar patch (Swamp:2)
  A plant (D:9)
1387 creatures vanquished.

Vanquished Creatures (collateral kills)
  A nagaraja (Snake:4)
  A hippogriff (Lair:1)
2 creatures vanquished.

Vanquished Creatures (others)
  The ghost of kmckee24 the Fencer, an adept MiFi of Okawaru (Snake:1)
  The ghost of Bane the Warrior, an adept FoFi of Okawaru (Orc:2)
  A frost giant (Depths:1)
  7 hydras
  A naga warrior (Snake:1)
  The ghost of sscrono2 the Covert, a journeyman OpAs of Ru (D:10)
  The ghost of mandarbmax the Brawler, a novice TrMo of Trog (D:9)
  A two-headed ogre (D:12)
  A naga sharpshooter (Snake:1)
  A salamander mystic (Snake:4)
  A sea snake (Lair:6)
  An ugly thing (D:15)
  A slime creature (D:12)
  A manticore (D:11)
  A naga mage (Snake:1)
  A spiny frog (Swamp:4)
  The ghost of Trees the Ducker, a novice OpFi of Wu Jian (D:6)
  A rime drake (Lair:6)
  A tyrant leech (Swamp:1)
  2 hornets (Swamp:1)
  2 dancing weapons
  A naga (Snake:4)
  An orc warrior (Orc:2)
  2 swamp drakes (Swamp:4)
  A crocodile (Lair:6)
  14 briar patches
  30 fungi
  36 plants
114 creatures vanquished.

Grand Total: 1503 creatures vanquished

Notes
Turn   | Place    | Note
-------+----------+-------------------------------------------
     0 | Abyss:1  | Kurtz the Octopode Abyssal Knight began the quest for the Orb.
     0 | Abyss:1  | Reached XP level 1. HP: 16/16 MP: 2/2
    31 | Abyss:1  | Noticed a raiju
    40 | D:1      | Escaped the Abyss
    96 | D:1      | Reached XP level 2. HP: 16/21 MP: 3/3
   509 | D:1      | Reached ** piety under Lugonu
   554 | D:1      | Reached XP level 3. HP: 26/26 MP: 4/4
  1142 | D:2      | Reached XP level 4. HP: 18/31 MP: 5/5
  1291 | D:2      | Noticed Jessica
  1571 | D:2      | Killed Jessica
  1755 | D:2      | Reached skill level 1 in Stealth
  1869 | D:2      | Noticed Sigmund
  2281 | D:3      | Reached XP level 5. HP: 36/36 MP: 6/6
  2311 | D:3      | Reached *** piety under Lugonu
  2548 | D:4      | Reached skill level 5 in Polearms
  2622 | D:3      | Noticed Ponkle's ghost (weakling DECj)
  2713 | D:3      | HP: 1/36 [Ponkle's ghost/magic dart (9)]
  2715 | D:3      | Killed Ponkle's ghost
  2715 | D:3      | Reached skill level 2 in Stealth
  3232 | D:3      | Reached skill level 1 in Shields
  3232 | D:3      | Reached XP level 6. HP: 31/42 MP: 7/7
  3721 | D:3      | Found an opulent altar of Gozag.
  3777 | D:4      | Noticed Natasha
  3779 | D:4      | Killed Natasha
  3779 | D:4      | Reached **** piety under Lugonu
  3837 | D:4      | Noticed Natasha
  3849 | D:4      | Killed Natasha
  3963 | D:4      | Noticed Natasha
  3969 | D:4      | Killed Natasha
  3969 | D:4      | Reached skill level 3 in Stealth
  4531 | D:4      | Noticed Edmund
  4543 | D:4      | Killed Edmund
  4543 | D:4      | Reached XP level 7. HP: 25/46 MP: 8/8
  4765 | D:4      | Noticed Menkaure
  4775 | D:4      | Killed Menkaure
  5282 | D:3      | Reached skill level 4 in Stealth
  5457 | D:5      | Entered Level 5 of the Dungeon
  5462 | D:5      | Reached XP level 8. HP: 53/53 MP: 9/9
  5496 | D:5      | Found a shimmering altar of Xom.
  5521 | D:5      | Found a shimmering altar of Xom.
  5604 | D:5      | Learned a level 1 spell: Confusing Touch
  5613 | D:5      | Got a shimmering lead ring
  5628 | D:5      | Identified the ring of Neunwik {+Fly rF+ MR+ Str+5 Dex-4} (You found it on level 5 of the Dungeon)
  5667 | D:5      | Found a hide-covered altar of Uskayaw.
  5671 | D:5      | Found a glowing golden altar of the Shining One.
  5800 | D:5      | Reached skill level 5 in Stealth
  6235 | D:6      | Reached skill level 1 in Hexes
  6487 | D:6      | Found a staircase to the Ecumenical Temple.
  6575 | D:6      | Noticed Trees's ghost (novice OpFi)
  6806 | D:6      | Banished Trees's ghost
  6806 | D:6      | Reached skill level 1 in Spellcasting
  6994 | D:6      | Reached XP level 9. HP: 55/58 MP: 11/11
  7019 | D:6      | Reached skill level 6 in Stealth
  7272 | D:6      | Reached ***** piety under Lugonu
  7722 | D:7      | Found a snail-covered altar of Cheibriados.
  8548 | D:6      | Reached skill level 10 in Polearms
  8548 | D:6      | Reached skill level 7 in Stealth
  8970 | D:7      | Reached skill level 5 in Fighting
  9027 | D:7      | Reached XP level 10. HP: 48/66 MP: 14/14
  9287 | D:7      | Found a burning altar of Makhleb.
  9593 | D:8      | Noticed Prince Ribbit
  9598 | D:8      | Killed Prince Ribbit
  9598 | D:8      | Reached skill level 8 in Stealth
  9620 | D:8      | Found Raiv's Food Boutique.
  9648 | D:8      | Noticed Maurice
  9660 | D:8      | Killed Maurice
  9799 | D:8      | Found a shattered altar of Ashenzari.
  9801 | D:8      | Found an iron altar of Okawaru.
  9804 | D:8      | Found a shimmering altar of Xom.
  9897 | D:8      | Gained mutation: You are partially covered in rugged brown scales. (AC +1, +3% HP) [potion of mutation]
  9897 | D:8      | Gained mutation: Your body sometimes deteriorates upon taking damage. [potion of mutation]
  9897 | D:8      | Gained mutation: You are clumsy. (Dex -2) [potion of mutation]
  9897 | D:8      | Lost mutation: You are clumsy. (Dex -2) [potion of mutation]
  9898 | D:8      | Lost mutation: You are partially covered in rugged brown scales. (AC +1, +3% HP) [potion of mutation]
  9898 | D:8      | Lost mutation: Your body sometimes deteriorates upon taking damage. [potion of mutation]
  9898 | D:8      | Gained mutation: You are robust. (+10% HP) [potion of mutation]
  9898 | D:8      | Gained mutation: Your magical capacity is low. (-10% MP) [potion of mutation]
  9898 | D:8      | Gained mutation: Your spells are a little easier to cast, but a little less powerful. [potion of mutation]
  9898 | D:8      | Gained mutation: You are very robust. (+20% HP) [potion of mutation]
  9899 | D:8      | Lost mutation: Your magical capacity is low. (-10% MP) [potion of mutation]
  9899 | D:8      | Gained mutation: You evolve. [potion of mutation]
  9899 | D:8      | Gained mutation: Your spells are easier to cast, but less powerful. [potion of mutation]
  9899 | D:8      | Gained mutation: One of your tentacles bears a spike. [potion of mutation]
  9975 | D:8      | Found a glowing silver altar of Zin.
 10322 | D:9      | Noticed mandarbmax's ghost (novice TrMo)
 10355 | D:9      | Banished mandarbmax's ghost
 10364 | D:9      | Reached skill level 9 in Stealth
 10374 | D:9      | Lost mutation: You are very robust. (+20% HP) [evolution]
 10453 | D:9      | Found a staircase to the Lair.
 10670 | D:9      | Noticed a wizard
 10694 | D:9      | Killed a wizard
 10801 | D:9      | Noticed a two-headed ogre
 10816 | D:9      | Killed a two-headed ogre
 10816 | D:9      | Reached skill level 10 in Stealth
 10816 | D:9      | Reached XP level 11. HP: 18/79 MP: 15/17
 11437 | D:9      | Gained mutation: Your natural rate of healing is unusually fast. [mutagenic meat]
 11438 | D:9      | Lost mutation: Your spells are easier to cast, but less powerful. [mutagenic meat]
 11439 | D:9      | Gained mutation: You are partially covered in yellow scales. (AC +2) [mutagenic meat]
 11441 | D:9      | Lost mutation: You evolve. [mutagenic meat]
 11639 | D:9      | Killed an unseen horror
 11763 | D:10     | Entered Level 10 of the Dungeon
 11818 | D:10     | Found a white marble altar of Elyvilon.
 11894 | D:10     | Noticed Nergalle
 11906 | D:10     | Killed Nergalle
 11906 | D:10     | Reached skill level 5 in Hexes
 11946 | D:10     | Noticed sscrono2's ghost (journeyman OpAs)
 11956 | D:10     | Banished sscrono2's ghost
 12050 | D:10     | Noticed Snorg
 12054 | D:10     | Banished Snorg
 12394 | D:2      | Killed Sigmund
 12428 | D:2      | Found a runed door.
 12498 | D:2      | Noticed Crazy Yiuf
 12502 | D:2      | Killed Crazy Yiuf
 12959 | D:11     | Noticed a manticore
 12965 | D:11     | Banished a manticore
 13040 | D:11     | Reached skill level 11 in Stealth
 13053 | D:11     | Reached skill level 5 in Spellcasting
 13266 | D:11     | Learned a level 3 spell: Confuse
 13272 | D:11     | Learned a level 5 spell: Metabolic Englaciation
 13278 | D:11     | Learned a level 5 spell: Yara's Violent Unravelling
 13321 | D:11     | Noticed Erolcha
 13361 | D:11     | Killed Erolcha
 13361 | D:11     | Reached XP level 12. HP: 19/88 MP: 19/19
 13534 | D:11     | Reached skill level 5 in Shields
 13548 | D:11     | Reached skill level 5 in Invocations
 13962 | D:12     | Gained mutation: You passively map a small area around you. [mutagenic meat]
 13963 | D:12     | Lost mutation: Your spells are a little easier to cast, but a little less powerful. [mutagenic meat]
 13964 | D:12     | Lost mutation: One of your tentacles bears a spike. [mutagenic meat]
 13965 | D:12     | Gained mutation: You are agile. (Dex +2) [mutagenic meat]
 13966 | D:12     | Gained mutation: Your magical capacity is low. (-10% MP) [mutagenic meat]
 14023 | D:12     | Reached ****** piety under Lugonu
 14440 | Lair:1   | Entered Level 1 of the Lair of Beasts
 14476 | Lair:1   | Found a labyrinth entrance.
 14486 | Lab      | Entered a labyrinth
 15642 | Lab      | Reached skill level 12 in Stealth
 15745 | Lab      | Noticed a minotaur
 15753 | Lab      | Killed a minotaur
 15759 | Lab      | Identified the Grimoire of Unstable Arcane Weapons
 15769 | Lab      | Got a warped halberd
 15770 | Lab      | Identified the +8 halberd of the Aged Dances {chop, rPois} (You found it in a labyrinth)
 17309 | Lair:2   | Reached XP level 13. HP: 80/92 MP: 20/20
 17865 | Lair:3   | Found a staircase to the Snake Pit.
 17886 | Lair:3   | Noticed Gastronok
 17919 | Lair:3   | Killed Gastronok
 18012 | Lair:3   | Found a staircase to the Swamp.
 18473 | Lair:4   | Got a sparkling tin ring
 18474 | Lair:4   | Identified the ring of Ethics {Str+3 Stlth+} (You found it on level 4 of the Lair of Beasts)
 18829 | Lair:4   | Reached skill level 13 in Stealth
 19204 | Lair:4   | Reached skill level 15 in Polearms
 20465 | D:12     | Noticed Nessos
 20473 | D:12     | Killed Nessos
 20473 | D:12     | Reached skill level 5 in Dodging
 20478 | D:12     | Reached XP level 14. HP: 78/99 MP: 21/21
 21261 | Lair:5   | Reached skill level 14 in Stealth
 21275 | Lair:5   | Reached skill level 1 in Evocations
 21623 | Lair:6   | Entered Level 6 of the Lair of Beasts
 22056 | Lair:6   | Found a runed door.
 22056 | Lair:6   | Found a viscous altar of Jiyva.
 22063 | Lair:6   | Found a staircase to the Slime Pits.
 23814 | Lair:6   | Found a snail-covered altar of Cheibriados.
 23827 | Lair:6   | Reached XP level 15. HP: 105/105 MP: 21/21
 24323 | Lair:6   | Identified the Incunabulum of Ensnaring Snow
 24329 | Lair:6   | Learned a level 3 spell: Tukima's Dance
 24332 | Lair:6   | Learned a level 2 spell: Slow
 24833 | Lair:6   | Reached skill level 10 in Invocations
 26091 | D:12     | Noticed Fannar
 26097 | D:12     | Killed Fannar
 26200 | D:12     | Found a staircase to the Orcish Mines.
 26866 | D:14     | Reached skill level 5 in Evocations
 27048 | D:14     | Noticed a fire giant
 27065 | D:14     | Noticed a tengu reaver
 27176 | D:14     | Found Xeegierr's Antique Armour Boutique.
 27228 | D:14     | Got a heavily runed shield
 27236 | D:14     | Identified the +4 shield of Josae {rElec rF+ Dex+4 Slay+2} (You found it on level 14 of the Dungeon)
 27416 | D:14     | Learned a level 3 spell: Regeneration
 27420 | D:14     | Learned a level 3 spell: Vampiric Draining
 28097 | D:14     | Found a gate to the Vaults.
 28258 | D:15     | Entered Level 15 of the Dungeon
 28396 | D:15     | Reached skill level 15 in Stealth
 28468 | D:15     | Reached skill level 1 in Necromancy
 30649 | D:15     | Reached XP level 16. HP: 114/116 MP: 23/23
 30678 | D:15     | Found a staircase to the Depths.
 31198 | Orc:1    | Entered Level 1 of the Orcish Mines
 31627 | Orc:2    | Entered Level 2 of the Orcish Mines
 31718 | Orc:2    | Found Decarchyu's Jewellery Boutique.
 31787 | Orc:2    | Found Kuxip's Distillery.
 31796 | Orc:2    | Bought a potion of berserk rage for 70 gold pieces
 31796 | Orc:2    | Bought a potion of heal wounds for 70 gold pieces
 31796 | Orc:2    | Bought a potion of haste for 140 gold pieces
 31796 | Orc:2    | Bought a potion of degeneration for 14 gold pieces
 31820 | Orc:2    | Found Olaneil's Antique Weapon Emporium.
 32389 | Orc:2    | Found a staircase to the Elven Halls.
 32578 | Orc:2    | Found Rungoliff's Antique Armour Boutique.
 32722 | Orc:2    | Found a roughly hewn altar of Beogh.
 32737 | Orc:2    | Noticed Bane's ghost (adept FoFi)
 32758 | Orc:2    | Banished Bane's ghost
 32981 | Orc:2    | Found Jair Foi's General Store.
 32989 | Orc:2    | Bought a potion of haste for 170 gold pieces
 32989 | Orc:2    | Bought a potion of agility for 68 gold pieces
 34434 | Swamp:1  | Entered Level 1 of the Swamp
 35816 | Swamp:2  | Noticed a thorn hunter
 35843 | Swamp:2  | Killed a thorn hunter
 36015 | Swamp:2  | Identified a scroll of acquirement
 36029 | Swamp:2  | Noticed a thorn hunter
 36043 | Swamp:2  | Killed a thorn hunter
 36873 | Swamp:3  | Learned a level 5 spell: Silence
 36905 | Swamp:3  | Reached XP level 17. HP: 124/124 MP: 25/25
 37362 | Swamp:4  | Entered Level 4 of the Swamp
 37513 | Swamp:4  | Reached skill level 16 in Stealth
 37885 | Swamp:4  | Reached skill level 10 in Fighting
 38764 | Swamp:4  | Got a decaying rune of Zot
 39588 | Depths:1 | Entered Level 1 of the Depths
 39600 | Depths:1 | Found a one-way gate to the infinite horrors of the Abyss.
 39629 | Depths:1 | Found a gateway to Hell.
 39965 | Depths:1 | Reached skill level 10 in Dodging
 40066 | Depths:1 | Noticed a lich
 40103 | Depths:1 | Killed a lich
 40185 | Depths:1 | Reached skill level 5 in Necromancy
 40441 | Elf:1    | Entered Level 1 of the Elven Halls
 40544 | Elf:1    | Reached XP level 18. HP: 88/134 MP: 22/27
 41141 | Hell     | Entered the Vestibule of Hell
 41141 | Hell     | Noticed Geryon
 41238 | Depths:1 | Reached skill level 10 in Shields
 41702 | Snake:1  | Entered Level 1 of the Snake Pit
 41741 | Snake:1  | Noticed kmckee24's ghost (adept MiFi)
 41748 | Snake:1  | Banished kmckee24's ghost
 45558 | Snake:3  | Learned a level 4 spell: Control Undead
 46254 | Snake:3  | Reached XP level 19. HP: 144/144 MP: 28/28
 46257 | Snake:3  | Reached skill level 17 in Stealth
 46503 | Snake:4  | Entered Level 4 of the Snake Pit
 46561 | Snake:4  | Noticed Asterion
 46589 | Snake:4  | Killed Asterion
 46611 | Snake:4  | Found a flickering gateway to a bazaar.
 46617 | Bazaar   | Entered a bazaar
 46623 | Bazaar   | Found Peesot's Magic Scroll Shoppe.
 46623 | Bazaar   | Found Feneil's Food Shoppe.
 46631 | Bazaar   | Bought a scroll of magic mapping for 42 gold pieces
 46631 | Bazaar   | Bought a scroll of teleportation for 36 gold pieces
 46658 | Bazaar   | Found Kiboib's Jewellery Emporium.
 46658 | Bazaar   | Found Corust's General Store.
 46676 | Bazaar   | Bought a phantom mirror for 360 gold pieces
 46676 | Bazaar   | Bought a scroll of teleportation for 36 gold pieces
 46744 | Bazaar   | Bought the ring of the Invisible Hand {rElec MR+ MP+9 Dex+2} for 552 gold pieces
 46783 | Bazaar   | Bought a scroll of teleportation for 36 gold pieces
 46783 | Bazaar   | Bought a scroll of magic mapping for 42 gold pieces
 46783 | Bazaar   | Bought a scroll of enchant weapon for 90 gold pieces
 46783 | Bazaar   | Bought a scroll of recharging for 114 gold pieces
 47151 | Orc:2    | Bought the cursed ring of Geablaf {+Blink MR++ AC-3 Str+8 Int-5} for 428 gold pieces
 50443 | Snake:4  | Got a serpentine rune of Zot
 50562 | Snake:4  | Reached XP level 20. HP: 151/151 MP: 30/30
 51039 | Slime:1  | Entered Level 1 of the Pits of Slime
 52105 | Vaults:1 | Entered Level 1 of the Vaults
 53459 | Vaults:1 | Found Uvele's Antique Weapon Boutique.
 53879 | Vaults:2 | Reached skill level 10 in Spellcasting
 55005 | Vaults:2 | Identified the +3 arbalest of Foul Odors {venom, Str+4 Int-2 Dex+5} (You found it on level 2 of the Vaults)
 55502 | Vaults:3 | Reached XP level 21. HP: 91/160 MP: 31/31
 55522 | Vaults:3 | HP: 2/160 [frost giant skeleton[a necromancer] (22)]
 55525 | Vaults:2 | Killed from afar by a necromancer

Vault maps used:
D:1:      dpeg_arrival_renting, minmay_rat_gold_closets
D:2:      kennysheep_generic_room_3, uniq_crazy_yiuf_cottage, uniq_jessica,
          uniq_sigmund
D:3:      lemuel_coloured_pillars_altar, first_bread
D:4:      uniq_edmund, uniq_natasha, uniq_menkaure
D:5:      nicolae_overflow_hidden_temple, xom_redecorated
D:6:      minmay_temple_entry_metal_lava
D:7:      old_standard_altar, kennysheep_mini_moat
D:8:      grunt_temple_overflow_open, old_standard_altar, serial_shops,
          nicolae_shop_crystal, uniq_maurice, uniq_prince_ribbit1
D:9:      david_lair_shrubbed, minmay_librarian
D:10:     basic_altar, uniq_snorg, uniq_nergalle
D:11:     serial_corexii_hall, corexii_hall_statues_s, corexii_hall_statues_x,
          corexii_hall_statues_i, corexii_hall_statues_i, grunt_ogre_cave,
          uniq_erolcha
D:12:     orc_0_dummy, uniq_nessos, uniq_fannar
D:14:     minmay_expanding_circles, david_vaults_4, serial_shops,
          kennysheep_little_box, infiniplex_staircase_hallway_doors
D:15:     gammafunk_enter_depths_forms, fountainhead
Lair:1:   lab_entry_generic, portal_ice_cave_entry_imps,
          minmay_lair_oklob_chamber
Lair:2:   infiniplex_staircase_pool
Lair:3:   swamp_mist, dummy_snake_entry, uniq_gastronok
Lair:4:   cheibrodos_lair_reptile_den, grunt_megastairs_5
Lair:5:   grunt_megastairs_4, lemuel_fruit_fields
Lair:6:   gammafunk_lair_ancient_temple, slime_altar_2, st_stairs_10,
          kennysheep_snail_temple
Swamp:1:  nicolae_swamp_triple_paths, grunt_lady_of_the_lake
Swamp:2:  nicolae_swamp_fairy_circle
Swamp:3:  evilmike_swamp_ruin_house_1
Swamp:4:  swamp
Snake:1:  serial_bayou_shore_a
Snake:4:  snake_pit_salamanders_mu, serial_shops, bzr_entry_road, uniq_asterion
Slime:1:  cheibrodos_slime_lost_civilization_5
Slime:2:  nicolae_slime_barrier
Orc:2:    grunt_orc_gardens, grunt_orc_garden, grunt_orc_garden,
          grunt_orc_garden, grunt_orc_garden, serial_shops,
          nicolae_shop_window_shopping, statue_in_the_mist_lemuel,
          nicolae_orc_lava_tube, mines2_david
Elf:1:    hangedman_corner_corridor, minmay_the_grid_square_5x5_3x3_mashed,
          grunt_megastairs_3, uniq_kirke, uniq_donald, uniq_aizul
Vaults:1: v_misc_11, hangedman_vaults_maws, v_alt_pattern_3, v_pattern_2,
          nicolae_vaults_theta, hangedman_vaults_nails,
          ontoclasm_vaults_decontamination, ontoclasm_vaults_gateway,
          serial_shops, shop
Vaults:2: hangedman_vaults_nails, st_more_cells, hangedman_vaults_maws,
          nicolae_vaults_yaktaur_gun_rack, v_misc_9,
          nicolae_vaults_network_star, ontoclasm_vaults_loading_screen,
          hangedman_vaults_trim
Vaults:3: minmay_crypt_entry_simple_statues, hangedman_vaults_nodes,
          hangedman_vaults_unwind, nicolae_vaults_three_branches,
          grunt_vaults_hallway_short, vaults_room_pools, vaults_room_pools,
          ontoclasm_vaults_spin, vaults_room_door_hall,
          nicolae_vaults_network_quinsquares, nicolae_vaults_little_squares_3,
          vaults_room_door_ring, nicolae_vaults_asterisk,
          vaults_room_guarded_vault, grunt_vaults_hallway_short,
          vaults_dpeg_ring, nicolae_vaults_shelves_hall
Depths:1: abyss_entry, nrook_pool_corridor, hell_entry, nemelex_altar_shiori
Abyss:1:  evilmike_abyss_exit_17
Lab:      labyrinth_skeletal_remains, nicolae_lab_hexagon, lab_block,
          nicolae_lab_x
Bazaar:   grunt_bazaar_doublecross

Skill      XL: |  1  2  3  4  5  6  7  8  9 10 11 12 13 14 15 16 17 18 19 20 |
---------------+-------------------------------------------------------------+-----
Polearms       | 3 4 5 6 7 9 10 11 12 13 15 16 | 16.8
Stealth        | 1 2 3 4 5 7 10 11 12 13 14 15 16 17 | 17.7
Shields        | 1 2 3 4 6 7 8 9 10 12 13 | 13.0
Hexes          | 1 3 4 5 6 7 |  7.7
Fighting       | 4 5 6 8 9 10 12 13 | 13.5
Spellcasting   | 1 2 4 5 6 7 8 9 10 | 10.2
Invocations    | 3 4 5 7 9 10 11 12 13 14 | 14.2
Dodging        | 3 5 6 7 9 10 11 12 | 12.4
Evocations     | 3 5 6 7 8 9 |  9.3
Necromancy     | 1 3 5 6 7 8 |  8.0

Action                   |  1- 3 |  4- 6 |  7- 9 | 10-12 | 13-15 | 16-18 | 19-21 || total
-------------------------+-------+-------+-------+-------+-------+-------+-------++-------
Melee: Spear             |    93 |   146 |   320 |   496 |       |       |       ||  1055
       Constrict         |    13 |    46 |    32 |    55 |    65 |   124 |    94 ||   429
       Tentacles         |    10 |    22 |    33 |   133 |   227 |   384 |   341 ||  1150
       Trident           |       |    65 |       |   117 |   237 |  1326 |  1189 ||  2934
       Kick              |       |       |       |   126 |       |       |       ||   126
       Halberd           |       |       |       |    95 |   772 |   230 |       ||  1097
 Fire: Blowgun           |       |     4 |       |       |       |       |       ||     4
Throw: Javelin           |       |       |       |     2 |       |       |       ||     2
 Cast: Confusing Touch   |       |       |       |     4 |     5 |       |       ||     9
       Confuse           |       |       |       |       |    15 |     3 |       ||    18
       Tukima's Dance    |       |       |       |       |     1 |     2 |    17 ||    20
       Regeneration      |       |       |       |       |       |     2 |     1 ||     3
       Slow              |       |       |       |       |       |     1 |       ||     1
       Metabolic Englaci |       |       |       |       |       |     1 |       ||     1
       Vampiric Draining |       |       |       |       |       |       |     1 ||     1
Invok: Banish            |       |       |     1 |     7 |    26 |    14 |     7 ||    55
       Bend Space        |       |       |       |       |     1 |     3 |       ||     4
 Abil: Evoke Berserk Rag |       |       |       |       |     2 |    19 |    21 ||    42
       Evoke Flight      |       |       |       |       |       |     1 |     2 ||     3
Evoke: Wand              |       |       |       |     5 |    12 |     3 |     1 ||    21
       Box of beasts     |       |       |       |       |       |       |     1 ||     1
  Use: Scroll            |       |       |       |    31 |     9 |    14 |     7 ||    61
       Potion            |       |       |       |     8 |     2 |     3 |     4 ||    17
 Stab: Sleeping          |    12 |    10 |    14 |    47 |    54 |    64 |    30 ||   231
       Distracted        |       |     1 |     1 |     2 |    10 |    12 |    11 ||    37
       Fleeing           |       |       |       |       |     1 |       |       ||     1
       Confused          |       |       |       |       |     6 |       |       ||     6
  Eat: Chunk             |     1 |    11 |    14 |    34 |    49 |    44 |    22 ||   175
       Fruit             |       |       |     1 |       |     4 |    16 |       ||    21
       Meat ration       |       |       |       |     1 |       |     2 |     1 ||     4
       Royal jelly       |       |       |       |     1 |       |       |     6 ||     7
       Bread ration      |       |       |       |       |       |     1 |     3 ||     4
Armor: Skin              |     6 |     8 |     3 |    62 |    45 |    43 |     4 ||   171
Dodge: Dodged            |    34 |    39 |    54 |   121 |   473 |   567 |   326 ||  1614
Block: Large shield      |     2 |    57 |   100 |   175 |       |       |       ||   334
       Shield            |       |       |       |       |    80 |   573 |   537 ||  1190
